 Dungeon Crawl Stone Soup version 0.28.0-49-g6dfe1f597d (webtiles) character file.

Game seed: 14197202236289545207

46 Zeld the Stinger (level 3, 0/30 HPs)
             Began as a Naga Venom Mage on May 15, 2022.
             Killed from afar by Natasha (8 damage)
             ... with a magic dart
             ... on level 1 of the Dungeon.
             The game lasted 00:04:01 (2030 turns).

Zeld the Stinger (Naga Venom Mage)                  Turns: 2030, Time: 00:04:02

Health: 0/30       AC:  8    Str: 12    XL:     3   Next: 68%
Magic:  2/6        EV:  8    Int: 15    God:
Gold:   46         SH:  5    Dex: 11    Spells: 0/6 levels left

rFire   . . .      SeeInvis +   e - +2 dagger (protect)
rCold   . . .      Faith    .   (no shield)
rNeg    . . .      Spirit   .   d - +3 ring mail
rPois   +          Reflect  +   g - +0 helmet
rElec   .          Harm     .   a - +0 cloak
rCorr   .          Rampage  .   (no gloves)
Will    .....                   (no barding)
Stlth   ++........              f - amulet of reflection
HPRegen 0.10/turn               (no ring)
MPRegen 0.10/turn               (no ring)

@: slowed, very slow
A: AC +1, large, see invisible, deformed body, poison resistance, slowness 2,
spit poison 1, naga tail 1
a: Spit Poison


You were on level 1 of the Dungeon.
You visited 1 branch of the dungeon, and saw 3 of its levels.

You collected 74 gold pieces.
You spent 28 gold pieces at shops.

Inventory:

Hand Weapons
 e - a +2 dagger of protection (weapon)
Missiles
 c - 7 poisoned darts (quivered)
Armour
 a - a +0 cloak (worn)
 d - a +3 ring mail (worn)
 g - a +0 helmet (worn)
Jewellery
 f - an amulet of reflection (around neck)
Scrolls
 h - 2 scrolls of identify
Potions
 b - a potion of brilliance {unknown}
 i - a potion of heal wounds {unknown}


   Skills:
 * Level 0.8 Fighting
 + Level 0.4 Throwing
 + Level 0.2 Armour
 * Level 2.0 Dodging
 * Level 3.9 Stealth
 * Level 2.2 Spellcasting
 + Level 1.1 Transmutations
 * Level 4.3 Poison Magic


You couldn't memorise any spells.
You knew the following spells:

 Your Spells              Type           Power      Damage    Failure   Level
a - Sting                 Tmut/Pois      36%        1d4       16%         1
b - Poisonous Vapours     Pois/Air       16%        N/A       30%         2
c - Mephitic Cloud        Conj/Pois/Air  5%         N/A       63%         3

Your spell library contained the following spells:

 Spells                   Type           Power      Damage    Failure   Level
 Olgreb's Toxic Radiance  Pois           14%        N/A       63%         4


Dungeon Overview and Level Annotations

Branches:
Dungeon (3/15)

Altars:

Shops:
D:2 (*(

Annotations:
D:1 Natasha
D:2 Terence


Innate Abilities, Weirdness & Mutations

Your serpentine skin is tough. (AC +1)
You have supernaturally acute eyesight. (SInv)
Armour fits poorly on your strangely shaped body.
Your system is resistant to poisons. (rPois)
You cover ground very slowly.
You can spit poison.
You have a snake-like lower body.


Message History

The kobold throws a stone.
The stone hits you but does no damage.
The kobold throws a stone.
The stone closely misses you. Natasha casts a spell at you.
The magic dart hits you.
Natasha stares at you and mumbles some strange words.
The magic dart hits you.
There is a stone staircase leading up here.
The kobold hits you but does no damage.
Natasha stares at you and mumbles some strange words.
The magic dart hits you.
You climb upwards.
There is a stone staircase leading down here.
Casting: Poisonous Vapours (quite dangerous; 30% risk of failure)
Confirm with . or Enter, or press ? or * to list all spells.
The spell is quite dangerous to miscast (30% risk of failure)!
Continue anyway?
Aiming: Poisonous Vapours (quite dangerous; 30% risk of failure)
Press: ? - help, Dir - move target, f - Natasha
Aim: Natasha Poisonous vapours surround Natasha!
Natasha is poisoned.
The kobold closely misses you. Natasha claws you.
Unknown command.
Casting: Poisonous Vapours (quite dangerous; 30% risk of failure)
Confirm with . or Enter, or press ? or * to list all spells.
The spell is quite dangerous to miscast (30% risk of failure)!
Continue anyway?
Aiming: Poisonous Vapours (quite dangerous; 30% risk of failure)
Press: ? - help, Dir - move target, f/p - Natasha
Aim: Natasha (poisoned) Poisonous vapours surround Natasha!
Natasha looks even sicker.
The kobold hits you but does no damage. Natasha casts a spell at you.
You feel yourself slow down.
Natasha mumbles some strange words.
You feel troubled. Natasha casts a spell at you. The magic dart hits you!
* * * LOW HITPOINT WARNING * * *
You block the kobold's attack. Natasha casts a spell at you.
The magic dart hits you!
You die...

##.###..#### #####...
#..........# ##.......
#..........#######.....#..
#....................##..#
#..........####.#######.##
#..........####.###.....#
#..........##...##..#####
#..........#..####.##
#........@...## ##.# ####
####^.#.#hK### #..# ##...
##.##...## #.####....
#......########.###.....
#.......................
#.###.#######..####.....
##.# #.# #.##........ #..#
#.# #.#..##....† #.## #.#
#####.#.####....


You could see Natasha (very poisoned) and a kobold.

Vanquished Creatures
  An adder (D:2)
  A dart slug (D:2)
  5 endoplasms
  2 giant cockroaches (D:1)
  3 goblins
  4 hobgoblins
  2 jackals (D:1)
  A quokka (D:2)
  2 ball pythons (D:1)
  3 bats
  2 frilled lizards (D:1)
  3 kobolds (D:1)
  4 rats (D:1)
33 creatures vanquished.

Notes
Turn   | Place    | Note
-------+----------+-------------------------------------------
     0 | D:1      | Zeld the Naga Venom Mage began the quest for the Orb.
     0 | D:1      | Reached XP level 1. HP: 15/15 MP: 3/3
   456 | D:1      | Reached XP level 2. HP: 22/22 MP: 1/5
   463 | D:1      | Learned a level 2 spell: Poisonous Vapours
  1041 | D:2      | Reached XP level 3. HP: 24/30 MP: 0/6
  1045 | D:2      | Learned a level 3 spell: Mephitic Cloud
  1209 | D:2      | Noticed Terence
  1335 | D:2      | Found Zufac's Weapon Boutique.
  1347 | D:2      | Found Narohog's General Store.
  1371 | D:2      | Found Vait's Weapon Emporium.
  1377 | D:2      | Bought a scroll of identify for 28 gold pieces
  1650 | D:2      | Noticed Natasha
  2030 | D:1      | Killed from afar by Natasha

Illustrated notes

Levels and vault maps discovered:
D:1:      psy_arrival_radial02, layout_rooms, minmay_tromino_v4_c
D:2:      layout_rooms, serial_shops, nicolae_shop_stone, shop, shop,
          uniq_natasha, uniq_robin, uniq_terence
D:3:      cheibrodos_pilgrimage, layout_loops_ring, uniq_jessica

Skill      XL: |  1  2 |
---------------+-------+-----
Dodging        | 2 |  2.0
Fighting       | |  0.8
Throwing       | |  0.4
Armour         | |  0.2
Stealth        | |  3.9
Spellcasting   | |  2.2
Transmutations | |  1.1
Poison Magic   | |  4.3

Action                   || total
-------------------------++-------
Melee: Unarmed           ||    19
       Dagger            ||    44
Throw: Dart              ||     9
 Cast: Sting             ||    28
       Poisonous Vapours ||     6
 Abil: Spit Poison       ||     4
 Stab: Distracted        ||     1
Armor: Ring mail         ||    86
Dodge: Dodged            ||    79
Block: Other             ||    10
       Reflection        ||     3
